AoeStats
← 竞技场场王

Arabia

509583874Analyzed
4v4 RM · 6d ago on Sep 27, 2026· 35m 0s· 8 players
Game mode
Random Map
Map size
Large (8 player)
Population
200
Speed
Normal
Resources
Standard
Victory
Conquest
Starting age
Dark Age
Ending age
Imperial Age
RankedLock teamsTeams togetherTeam positionsShared explorationLock speedFull tech treeHidden civsTurbo modeCheats
Victory
Defeat
🇭🇰 Magyars · Hong Kong SAR China
1336
+15
🇹🇷 Italians · Türkiye
1322
+15
🇦🇺 Persians · Australia
1320
+16
🇬🇧 Khmer · United Kingdom
1270
+17
🇭🇰 Varangians · Hong Kong SAR China
1371
-18
🇦🇷 Khitans · Argentina
1349
-18
🇨🇳 Huns · China
1298
-15
🇨🇳 Wu · China
1223
-12
Sawyer
6:38 Loom
9:24 Feudal Age
10:10 Horse Collar
17:07 Fletching
17:18 Padded Archer Armor
21:25 Wheelbarrow
23:42 Castle Age
24:19 Crossbowman
25:05 Thumb Ring
24:59 Gold Mining
25:19 Bodkin Arrow
26:41 Double-Bit Axe
31:02 Leather Archer Armor
31:22 Bow Saw
31:32 Bow Saw
32:23 Heavy Plow
33:18 Hand Cart
Melting Snowball
6:53 Loom
9:33 Feudal Age
14:08 Town Watch
15:31 Forging
17:26 Scale Barding Armor
20:10 Bloodlines
22:17 Wheelbarrow
25:25 Castle Age
23:49 Double-Bit Axe
23:45 Horse Collar
26:25 Husbandry
26:48 Chain Barding Armor
25:53 Light Cavalry
30:29 Gold Mining
32:12 Bow Saw
32:03 Heavy Plow
33:11 Chain Barding Armor
33:27 Iron Casting
34:12 Ballistics
The Rohirrim
5:46 Loom
8:40 Feudal Age
10:36 Scale Barding Armor
20:42 Castle Age
19:23 Double-Bit Axe
20:46 Bloodlines
20:49 Forging
21:36 Chain Barding Armor
23:48 Bow Saw
28:43 Wheelbarrow
27:50 Horse Collar
30:14 Iron Casting
GG
7:09 Loom
9:26 Feudal Age
10:11 Double-Bit Axe
10:55 Horse Collar
20:03 Scale Barding Armor
23:15 Castle Age
21:41 Bloodlines
24:32 Chain Barding Armor
24:16 Husbandry
24:28 Bow Saw
25:06 Gold Mining
26:26 Wheelbarrow
32:18 Gold Shaft Mining
六百公斤大肥豬
6:53 Loom
9:51 Feudal Age
10:29 Double-Bit Axe
13:09 Horse Collar
13:41 Bloodlines
25:27 Castle Age
23:51 Scale Barding Armor
26:26 Bow Saw
26:51 Chain Barding Armor
28:09 Forging
28:42 Gold Mining
29:16 Husbandry
不学不练
4:07 Loom
10:52 Feudal Age
15:38 Fletching
24:42 Castle Age
23:00 Gold Mining
24:28 Double-Bit Axe
26:07 Bodkin Arrow
25:58 Crossbowman
28:55 Padded Archer Armor
32:46 Town Watch
33:37 Wheelbarrow
33:20 Leather Archer Armor
Hodor
6:56 Loom
9:22 Feudal Age
10:28 Double-Bit Axe
12:14 Forging
17:28 Town Watch
17:40 Domestication
19:19 Wheelbarrow
22:17 Scale Barding Armor
24:18 Castle Age
22:13 Gold Mining
竞技场场王
7:38 Loom
9:40 Feudal Age
10:18 Double-Bit Axe
10:36 Horse Collar
23:22 Fletching
23:51 Padded Archer Armor
25:39 Wheelbarrow
Connection lost

Rejoining the realm…

Still unreachable

The connection could not be restored.

Session expired

The server has moved on; the page needs a fresh start.